cohdb
Replays
Latest Replays
All Replays
Popular Replays
Top Player Replays
Match Explorer
How It Works
Community
CoH3 Stats
Reddit
Sign in to upload your games and track your stats! →
Sign in with Steam
Match 42749316
Unlisted
Match 42749316
Overview
Messages
Build Orders
End
Construct Infanterie Kompanie
Kettenkrad Recon Vehicle
Grenadier Squad
MG 42 Machine Gun Team
Grenadier Squad
Construct Panzergrenadier Kompanie
Panzergrenadier Squad
Support Elements
Nebelwerfer 42 Rocket Launcher Team
MG 42 Machine Gun Team
Nebelwerfer 42 Rocket Launcher Team
Medical Station
Construct Panzer Kompanie
Stoßtruppen Squad
Construct Luftwaffe Kompanie
Jäger Squad
Jäger Squad
Selects Breakthrough Battlegroup
Selects 2.5-tonne Cargo Truck
Selects Blitzkrieg
Selects Tiger Heavy Tank
Tiger Heavy Tank
Pioneer Squad
Selects Assault Grenadiers
Selects Breakthrough
Selects Incendiary Bombing Run
Blitzkrieg
Panzer IV Medium Tank
Side Skirts
Pioneer Squad
CrazyTiger
只愛❤毛妹
0
0
Comments
sign in to comment!
No comments posted yet!